 Dungeon Crawl Stone Soup version 0.18.1-5-g4a78601 (webtiles) character file.

100 M4edhros the Insei (level 4, -6/27 HPs)
             Began as an Octopode Necromancer on May 11, 2016.
             Killed from afar by an orc wizard (7 damage)
             ... with a magic dart
             ... on level 4 of the Dungeon.
             The game lasted 00:05:00 (805 turns).

M4edhros the Insei (Octopode Necromancer)            Turns: 805, Time: 00:05:00

Health: -6/27      AC:  1    Str:  7    XL:     4   Next: 74%
Magic:  3/7        EV: 12    Int: 17    God:
Gold:   73         SH:  0    Dex: 13    Spells: 3 memorised, 2 levels left

rFire  . . .     SeeInvis .     f - +3 trident
rCold  . . .     Gourm    .     (no shield)
rNeg   . . .     Faith    .     (helmet restricted)
rPois  .         Spirit   .     (no amulet)
rElec  .         Dismiss  .     (no ring)
rCorr  .         Reflect  .     (no ring)
SustAt .         Harm     .     (no ring)
MR     .....                    (no ring)
Stlth  +++.......               (no ring)
                                (no ring)
                                (no ring)
                                (no ring)

@: very slightly contaminated, not resistant to hostile enchantments, fairly
stealthy
A: almost no armour, amphibious, 8 rings, constrict 8, camouflage 1, gelatinous
body 1
a: no special abilities


You were on level 4 of the Dungeon.
You were hungry.

You visited 1 branch of the dungeon, and saw 4 of its levels.

You collected 73 gold pieces.

Inventory:

Hand Weapons
 f - a +3 trident (weapon)
Scrolls
 c - 2 scrolls of immolation
Books
 a - a book of Necromancy

   Spells                             Type                      Level
   a - Pain                           Necromancy                   1
   b - Animate Skeleton               Necromancy                   1
   c - Vampiric Draining              Necromancy                   3
   d - Regeneration                   Charms/Necromancy            3
   e - Animate Dead                   Necromancy                   4
   f - Control Undead                 Necromancy                   4
Comestibles
 b - 2 bread rations
 g - 5 fruits
 i - a meat ration


   Skills:
 - Level 2.0 Dodging
 - Level 2.6 Stealth
 + Level 4.2 Unarmed Combat
 - Level 2.0 Spellcasting
 - Level 4.0 Necromancy


You had 2 spell levels left.
You knew the following spells:

 Your Spells              Type           Power        Failure   Level  Hunger
a - Pain                  Necr           ###.         3%          1    #......
b - Animate Skeleton      Necr           N/A          3%          1    #......
r - Regeneration          Chrm/Necr      #.........   24%         3    ###....


Dungeon Overview and Level Annotations

Branches:
Dungeon (4/15)
 Temple: D:4-7

Altars:
Kikubaaqudgha
Sif Muna
Trog


Innate Abilities, Weirdness & Mutations

You cannot wear most types of armour.
You are amphibious.
You can wear up to eight rings at the same time.
You can use your tentacles to constrict eight enemies at once.
Your skin changes colour to match your surroundings (Stealth).
Your rubbery body absorbs attacks (AC +1).


Message History

It is a scroll of identify.
Identify which item? (\ to view known items) (? for menu, Esc to quit)
c - 2 scrolls of immolation The howler monkey completely misses you.
The howler monkey bites you.
* * * LOW HITPOINT WARNING * * *
The adder misses you.
The howler monkey hoots and howls with incredible vigour!
The adder misses you. The adder bites you.
* * * LOW HITPOINT WARNING * * *
The giant cockroach barely misses you. The adder misses you.
The giant cockroach bites you.
* * * LOW HITPOINT WARNING * * *
The howler monkey barely misses you.
The howler monkey completely misses you.
The giant cockroach bites you but does no damage.
A magic dart appears from out of thin air!
The magic dart hits you!
You die...

........# ######..# ###
#Z.######## # ..
#..#......#.# #
#...._....#.# ##
#...........# #.
#.........###############.
#....⌠...............<....
#.....S..@.###############
##....s....# # #$.._.h..##
##.......# #.....###
#######


You could see a howler monkey, an adder and a giant cockroach.

Vanquished Creatures
  An orc wizard (D:4)
  Terence (D:3)
  A worker ant (D:4)
  A worm (D:3)
  4 orcs
  2 giant cockroaches
  2 hobgoblins
  A kobold (D:2)
  A quokka (D:2)
  A bat (D:1)
  3 giant newts
  A rat (D:1)
19 creatures vanquished.

Vanquished Creatures (others)
  A human (D:2)
1 creature vanquished.

Grand Total: 20 creatures vanquished

Notes
Turn   | Place    | Note
--------------------------------------------------------------
     0 | D:1      | M4edhros the Octopode Necromancer began the quest for the Orb.
     0 | D:1      | Reached XP level 1. HP: 11/11 MP: 3/3
    56 | D:1      | Reached skill level 1 in Unarmed Combat
   195 | D:2      | Found an ancient bone altar of Kikubaaqudgha.
   262 | D:2      | Noticed a human
   264 | D:2      | Killed a human
   270 | D:2      | Reached XP level 2. HP: 15/17 MP: 3/5
   311 | D:3      | Noticed Terence
   314 | D:3      | Learned a level 1 spell: Animate Skeleton
   330 | D:3      | Killed Terence
   330 | D:3      | Reached XP level 3. HP: 5/21 MP: 3/6
   488 | D:3      | Learned a level 3 spell: Regeneration
   668 | D:4      | Reached XP level 4. HP: 20/27 MP: 2/7
   730 | D:4      | Found a bloodstained altar of Trog.
   730 | D:4      | Found a deep blue altar of Sif Muna.
   775 | D:4      | HP: 1/27 [something (3)]
   803 | D:4      | HP: 1/27 [giant cockroach (1)]
   805 | D:4      | Killed from afar by an orc wizard

Skill      XL: |  1  2  3  4 |
---------------+-------------+-----
Unarmed Combat | 1 2 3 4 |  4.2
Dodging        | |  2.0
Stealth        | |  2.6
Spellcasting   | |  2.0
Necromancy     | |  4.0

Action                   |  1- 3 |  4- 6 || total
-------------------------+-------+-------++-------
Melee: Unarmed           |    14 |       ||    14
       Tentacles         |     4 |     3 ||     7
       Constrict         |     4 |     2 ||     6
       Trident           |    19 |    15 ||    34
 Cast: Pain              |    12 |       ||    12
       Regeneration      |     1 |     3 ||     4
       Animate Skeleton  |     1 |     1 ||     2
  Use: Scroll            |       |     2 ||     2
 Stab: Sleeping          |     2 |       ||     2
Armor: Skin              |     1 |     1 ||     2
Dodge: Dodged            |    16 |    21 ||    37
